 Dungeon Crawl Stone Soup version 0.31-a0-750-gfe7b580527 (webtiles) character file.

Game seed: 5385615600161957384

29472 garrulousMonolith the Basher (level 13, -15/83 HPs)
             Began as a Gargoyle Fighter on Sept 15, 2023.
             Was a High Priest of Okawaru.
             Killed from afar by a deep elf pyromancer (21 damage)
             ... with a bolt of fire
             ... in a volcano.
             The game lasted 00:20:19 (13739 turns).

garrulousMonolith the Basher (Gargoyle Fighter)    Turns: 13739, Time: 00:20:20

Health: -15/83     AC: 33    Str: 19    XL:     13   Next: 45%
Magic:  18/20      EV: 15    Int: 20    God:    Okawaru [*****.]
Gold:   1081       SH:  8    Dex: 17    Spells: 12/12 levels left

rFire   . . .        n - +10 short sword of Crystal {elec, Int+3}
rCold   + + .        c - +0 buckler
rNeg    + . .        a - +7 Kryia's mail coat {PotionHeal*2 rC+}
rPois   ∞            q - +0 helmet
rElec   +            C - +0 cloak
rCorr   .            i - +2 pair of gloves
SInv    .            (no boots)
Will    .....        u - amulet of Gigosal {rC+ Regen+ Int+4}
Stlth   ++           b - +6 ring of dexterity
HPRegen 1.13/turn    O - +4 ring of slaying
MPRegen 0.17/turn

%: no passive effects
@: heroic
A: sickness immunity, AC +9, negative energy resistance 1, electricity
resistance, torment resistance 1, petrification resistance
a: Renounce Religion, Heroism, Finesse, Duel


You were in a volcano.
You worshipped Okawaru.
Okawaru was extremely pleased with you.
You visited 3 branches of the dungeon, and saw 15 of its levels.
You also visited: Sewer and Volcano.

You collected 1081 gold pieces.

Inventory:

Hand Weapons
 n - the +10 short sword of Crystal (weapon) {elec, Int+3}
   (You found it on level 2 of the Dungeon)

   Int+3:     It affects your intelligence (+3).
 z - the +4 mace of Woarem {chaos, rN+ Str+4 Dex+4}
   (You found it on level 9 of the Dungeon)

   Str+4:     It affects your strength (+4).
   Dex+4:     It affects your dexterity (+4).
   rN+:       It protects you from negative energy.
 B - the +11 shortbow "Wetunoal" {flame, rElec rPois Dex-3 SInv}
   (You found it in a sewer)

   Dex-3:     It affects your dexterity (-3).
   rElec:     It insulates you from electricity.
   rPois:     It protects you from poison SInv: It lets you see invisible.
Missiles
 t - 2 throwing nets
 x - 37 poisoned darts (quivered)
 I - 2 curare-tipped darts
Armour
 a - the +7 Kryia's mail coat (worn) {PotionHeal*2 rC+}
   (Okawaru gifted it to you in a volcano)

   PotionHeal*2: Potions heal its wearer twice as much.
   rC+:       It protects you from cold.
 c - a +0 buckler (worn)
 i - a +2 pair of gloves (worn)
 q - a +0 helmet (worn)
 C - a +0 cloak (worn)
 G - a +4 ring mail
 K - the +2 chain mail of the Slug {Fly}
   (You found it on level 11 of the Dungeon)

   Fly:       It grants you flight.
 L - the +9 scale mail of the Mango {*Slow Str+4}
   (Okawaru gifted it to you on level 1 of the Lair of Beasts)

   Str+4:     It affects your strength (+4).
   *Slow:     It may slow you when you take damage.
Jewellery
 b - a +6 ring of dexterity (left hand)
 l - the necklace of Bloodlust {Fury *Rage Will++ Int-3 Slay+6}
   (You found it on level 10 of the Dungeon)

   [amulet of nothing]

   Fury:      It extends the wearer's berserk rage when killing foes.
   Int-3:     It affects your intelligence (-3).
   Slay+6:    It affects your accuracy & damage with ranged weapons and melee
   (+6).
   Will++:    It greatly increases your willpower.
   *Rage:     It berserks you when you make melee attacks (+50% chance).
 u - the amulet of Gigosal (around neck) {rC+ Regen+ Int+4}
   (You found it on level 3 of the Dungeon)

   [amulet of regeneration]

   Int+4:     It affects your intelligence (+4).
   rC+:       It protects you from cold.
   Regen+:    It increases your rate of health regeneration.
 O - a +4 ring of slaying (right hand)
 S - a ring of protection from cold
Wands
 f - a wand of iceblast (4)
 w - a wand of polymorph (20)
 J - a wand of digging (6)
Scrolls
 e - a scroll of fog
 h - a scroll of enchant armour
 j - 10 scrolls of teleportation
 p - 3 scrolls of poison
 v - a scroll of revelation
 y - a scroll of immolation
 H - a scroll of vulnerability
 N - 2 scrolls of fear
 Q - a scroll of amnesia
Potions
 d - 3 potions of might
 g - a potion of curing
 k - 3 potions of brilliance
 o - 6 potions of magic
 r - a potion of cancellation {unknown}
 s - 2 potions of ambrosia
 A - 3 potions of mutation
 D - a potion of invisibility {unknown}
 E - a potion of berserk rage
 F - a potion of haste
 M - a potion of degeneration {unknown}
 P - 2 potions of attraction
 R - a potion of heal wounds


   Skills:
 + Level 10.6(15.6) Fighting
 * Level 12.8(17.8) Maces & Flails
 + Level 10.6(15.6) Armour
 - Level 5.0(10.0) Dodging
 + Level 10.2(15.2) Shields
 + Level 9.6 Invocations


You had 12 spell levels left.
You didn't know any spells.
Your spell library contained the following spells:

 Spells                   Type           Power      Damage    Failure   Level
 Blink                    Tloc           0%         N/A       56%         2
 Lesser Beckoning         Tloc           0%         N/A       56%         2
 Momentum Strike          Conj/Tloc      0%         3d8       56%         2
 Dispel Undead            Necr           0%         3d6       99%         4
 Passage of Golubria      Tloc           0%         N/A       99%         4
 Alistair's Intoxication  Tmut/Pois      0%         N/A       100%        5
 Borgnjor's Vile Clutch   Necr/Erth      0%         N/A       100%        5
 Silence                  Hex/Air        0%         N/A       100%        5
 Conjure Ball Lightning   Conj/Air       0%         3x3d6     100%        6
 Eringya's Noxious Bog    Tmut/Pois      0%         4d6       100%        6
 Discord                  Hex            0%         N/A       100%        8
 Disjunction              Tloc           0%         N/A       100%        8
 Lehudib's Crystal Spear  Conj/Erth      0%         10d2      100%        8
 Cigotuvi's Dreadful Rot  Necr/Pois/Air  Unusable   N/A       N/A         2
 Death Channel            Necr           Unusable   N/A       N/A         6

Dungeon Overview and Level Annotations

Branches:
Dungeon (11/15)            Temple (1/1) D:5            Lair (3/5) D:8
 Shoals (0/4) Lair:2       Spider (0/4) Lair:2        Sewer (visited)
Volcano (1/1)
    Orc: D:9-12

Altars:
Ashenzari
Cheibriados
Dithmenos
Elyvilon
Fedhas
Gozag
Hepliaklqana
Kikubaaqudgha
Makhleb
Nemelex Xobeh
Okawaru
Qazlal
Ru
Sif Muna
Trog
Uskayaw
Vehumet
Wu Jian
Xom
Yredelemnul
Zin
The Shining One

Shops:
D:2 (   D:5 *

Annotations:
D:6 3 runed translucent doors, anansati's ghost, novice TeGl
D:9 1 transporter
D:11 exclusion: orange crystal statue
Lair:2 3 runed translucent doors, Thatotherguy's ghost, journeyman MfSu


Innate Abilities, Weirdness & Mutations

You are immune to sickness and miasma.
Your stone body is resilient. (AC +9)
You are immune to poison.
You resist negative energy. (rN+)
You are resistant to electric shocks. (rElec)
You are resistant to unholy torment.
You are immune to petrification.


Message History

You block the deep elf pyromancer's attack.
The fire elemental completely misses you.
The fire elemental hits you.
You barely miss the deep elf pyromancer.
The deep elf pyromancer is almost dead.
You block the fire elemental's attack.
The deep elf pyromancer gestures wildly while chanting.
The deep elf pyromancer blinks!
The fire elemental hits you. The fire elemental misses you.
The fire elemental hits you.
You closely miss the deep elf pyromancer.
The deep elf pyromancer is almost dead.
You block the deep elf pyromancer's attack.
The fire elemental hits you. The fire elemental burns you!
* * * LOW HITPOINT WARNING * * *
The fire elemental completely misses you.
The fire elemental misses you.
The deep elf pyromancer hits you but does no damage.
You closely miss the deep elf pyromancer.
The deep elf pyromancer is almost dead.
The fire elemental hits you. x2; The fire elemental misses you.
You block the fire elemental's attack.
The deep elf pyromancer points at you and mumbles some strange words.
The bolt of fire misses you.
You barely miss the deep elf pyromancer.
The deep elf pyromancer is almost dead.
The fire elemental hits you. The fire elemental burns you!
* * * LOW HITPOINT WARNING * * *
The fire elemental closely misses you. The fire elemental hits you. x2
You block the fire elemental's attack.
The deep elf pyromancer gestures at you while chanting.
The bolt of fire hits you!
* * * LOW HITPOINT WARNING * * *
You gain the combat prowess of a mighty hero.
The fire elemental completely misses you.
The fire elemental barely misses you. The fire elemental hits you.
The fire elemental burns you!
* * * LOW HITPOINT WARNING * * *
The deep elf pyromancer casts a spell at you.
The bolt of fire hits you!!
You die...

#)###§○...###≈≈≈§##
#...###°....###≈§≈
#.....####.†'.###
#...).'..####..∩#
###...#.....#..∩#
#.#'#.#..≈..#.###
#...###.....###≈≈≈
#..E.e#...###§§§≈##
#..E@.+.###≈≈§≈###
#....E# §## #...###
## +.###§≈ ###§§§§#
#§≈§≈### §§≈## ##


You could see a deep elf pyromancer and 3 fire elementals.

Vanquished Creatures
  2 hydras (Lair:2)
  The ghost of olddryhag the Conjurer, a journeyman DsRe of Gozag (Lair:1)
  A catoblepas (Lair:1)
  3 two-headed ogres
  A boulder beetle (D:11)
  A skyshark (Lair:2)
  A fire crab (Lair:2)
  2 lindwurms
  6 deep elf pyromancers (Volcano)
  A manticore (Lair:2)
  An ugly thing (D:11)
  2 cyclopes (D:10)
  3 black mambas (Lair:1)
  6 cane toads
  An unseen horror (D:11)
  A rime drake (Lair:2)
  4 komodo dragons
  2 trolls
  A wind drake (Lair:2)
  A polar bear (Lair:1)
  5 blink frogs (Lair:2)
  A shadow (D:9)
  A wraith (D:11)
  7 wyverns
  5 fire elementals (Volcano)
  28 yaks
  5 basilisks
  2 vampire mosquitoes (D:11)
  2 steam dragons (D:9)
  An acid dragon (D:8)
  9 water moccasins
  2 hell hounds (Volcano)
  A sky beast (D:7)
  2 ice beasts
  Pargi (Sewer)
  3 orc warriors
  An ogre (D:6)
  4 centaurs
  11 wolves (Lair:2)
  3 phantoms
  2 kobold brigands
  9 bullfrogs
  A gnoll sergeant (D:8)
  3 scorpions
  3 wights (D:9)
  4 killer bees (D:9)
  An electric eel (Lair:1)
  5 howler monkeys
  A jelly (D:7)
  A hound (D:7)
  7 orc priests
  2 iguanas
  A sleepcap (D:6)
  17 orc wizards
  4 gnolls (D:8)
  6 adders
  A white imp (D:6)
  A worm (D:3)
  6 dart slugs
  52 orcs
  9 bats
  5 endoplasms
  8 giant cockroaches
  4 goblins
  9 hobgoblins
  26 kobolds
  6 quokkas
  7 ball pythons
  8 frilled lizards
  4 rats
348 creatures vanquished.

Vanquished Creatures (others)
  An orc (D:8)
1 creature vanquished.

Grand Total: 349 creatures vanquished

Notes
Turn   | Place    | Note
-------+----------+-------------------------------------------
     0 | D:1      | garrulousMonolith the Gargoyle Fighter began the quest for
                  | the Orb.
     0 | D:1      | Reached XP level 1. HP: 14/14 MP: 1/1
    49 | D:1      | Reached XP level 2. HP: 18/19 MP: 2/2
    58 | D:1      | Found a faded altar of an unknown god.
   476 | D:1      | Reached XP level 3. HP: 20/23 MP: 3/3
  1184 | D:2      | Identified the +10 short sword of Crystal {elec, Int+3}
  1448 | D:2      | Found Ifetsode's Weapon Shoppe.
  1890 | D:2      | Reached skill level 1 in Invocations
  1890 | D:2      | Reached XP level 4. HP: 29/29 MP: 4/4
  2125 | D:3      | Identified the amulet of Gigosal {rC+ Regen+ Int+4}
  2182 | D:3      | Reached skill level 3 in Maces & Flails
  2189 | D:3      | Reached skill level 1 in Dodging
  2189 | D:3      | Reached XP level 5. HP: 23/33 MP: 4/6
  3206 | D:4      | Found a glowing drain.
  3209 | D:4      | Reached XP level 6. HP: 38/38 MP: 7/7
  3231 | Sewer    | Entered a sewer
  3312 | Sewer    | Noticed Pargi
  3322 | Sewer    | Killed Pargi
  3357 | Sewer    | Identified the +11 shortbow "Wetunoal" {flame, rElec rPois
                  | Dex-3 SInv}
  3613 | D:4      | Found a sparkling altar of Nemelex Xobeh.
  4008 | D:5      | Entered Level 5 of the Dungeon
  4030 | D:5      | Reached skill level 4 in Maces & Flails
  4030 | D:5      | Reached XP level 7. HP: 44/44 MP: 8/8
  4226 | D:5      | Found Ocelurch's Overcharged Wands.
  4329 | D:5      | Found a staircase to the Ecumenical Temple.
  4372 | Temple   | Entered the Ecumenical Temple
  4383 | Temple   | Became a worshipper of Warmaster Okawaru
  5127 | D:6      | Reached skill level 5 in Fighting
  5127 | D:6      | Reached XP level 8. HP: 34/49 MP: 10/10
  5130 | D:6      | Reached skill level 5 in Armour
  5274 | D:6      | Reached skill level 5 in Maces & Flails
  5407 | D:6      | Reached skill level 5 in Shields
  5456 | D:6      | Reached * piety under Okawaru
  6016 | D:6      | Found a runed translucent gate.
  6017 | D:6      | Found a runed translucent gate.
  6017 | D:6      | Found an opulent altar of Gozag.
  6024 | D:6      | Found a runed translucent gate.
  6025 | D:6      | Noticed anansati's ghost (novice TeGl)
  6031 | D:6      | Noticed a cyclops
  6204 | D:6      | Noticed an unseen horror
  6579 | D:7      | Reached skill level 6 in Maces & Flails
  6611 | D:7      | Reached XP level 9. HP: 55/55 MP: 12/12
  6702 | D:7      | Reached ** piety under Okawaru
  7416 | D:8      | Reached skill level 7 in Maces & Flails
  7416 | D:8      | Reached skill level 5 in Invocations
  7429 | D:8      | Noticed a komodo dragon
  7440 | D:8      | Killed a komodo dragon
  7440 | D:8      | Reached *** piety under Okawaru
  7478 | D:8      | Reached XP level 10. HP: 17/61 MP: 10/14
  7555 | D:8      | Found a staircase to the Lair.
  8151 | D:9      | Identified the +4 mace of Woarem {chaos, rN+ Str+4 Dex+4}
  8163 | D:9      | Found a transporter.
  8188 | D:9      | Reached **** piety under Okawaru
  8189 | D:9      | Reached skill level 8 in Maces & Flails
  8809 | D:9      | Identified the +3 longbow "Kosikixt" {flame, rCorr}
  8984 | D:9      | Reached ***** piety under Okawaru
  9294 | D:9      | Reached XP level 11. HP: 64/68 MP: 15/15
  9297 | D:9      | Reached skill level 9 in Maces & Flails
  9373 | D:10     | Entered Level 10 of the Dungeon
  9381 | D:10     | Noticed a two-headed ogre
  9401 | D:10     | Killed a two-headed ogre
  9402 | D:10     | Reached skill level 5 in Dodging
  9511 | D:10     | Noticed a two-headed ogre
  9520 | D:10     | Killed a two-headed ogre
  9537 | D:10     | Found the necklace of Bloodlust {Fury *Rage Will++ Int-3
                  | Slay+6}
  9722 | D:10     | Noticed a cyclops
  9730 | D:10     | Killed a cyclops
  9867 | D:11     | Noticed a cyclops
 10019 | D:10     | Killed a cyclops
 10176 | D:11     | Noticed an orange crystal statue
 10177 | D:11     | Noticed a two-headed ogre
 10223 | D:11     | Noticed a boulder beetle
 10249 | D:11     | Killed a boulder beetle
 10249 | D:11     | Received a gift from Okawaru
 10355 | D:11     | Noticed a purple ugly thing
 10366 | D:11     | Killed a purple ugly thing
 10367 | D:11     | Reached skill level 10 in Maces & Flails
 10477 | D:11     | Identified the +2 chain mail of the Slug {Fly}
 10948 | D:11     | Noticed a two-headed ogre
 10956 | D:11     | Killed a two-headed ogre
 11213 | Lair:1   | Entered Level 1 of the Lair of Beasts
 11382 | Lair:1   | Reached XP level 12. HP: 62/76 MP: 17/17
 11448 | Lair:1   | Identified the +9 scale mail of the Mango {*Slow Str+4}
                  | (Okawaru gifted it to you on level 1 of the Lair of Beasts)
 11448 | Lair:1   | Received a gift from Okawaru
 11497 | Lair:1   | Noticed a catoblepas
 11510 | Lair:1   | Killed a catoblepas
 11671 | Lair:1   | Found a runed translucent gate.
 11671 | Lair:1   | Found a runed translucent gate.
 11673 | Lair:1   | Found a runed translucent gate.
 11676 | Lair:1   | Noticed olddryhag's ghost (journeyman DsRe)
 11700 | Lair:1   | Reached skill level 11 in Maces & Flails
 12145 | Lair:1   | Killed olddryhag's ghost
 12568 | Lair:2   | Noticed a five-headed hydra
 12578 | Lair:2   | Killed a five-headed hydra
 12670 | Lair:2   | Identified the +5 great sword of Wyrch {antimagic, rN+
                  | Dex+3}
 12674 | Lair:2   | Noticed a four-headed hydra
 12689 | Lair:2   | Killed a four-headed hydra
 12701 | Lair:2   | Reached skill level 10 in Fighting
 12701 | Lair:2   | Reached skill level 10 in Armour
 12745 | Lair:2   | Noticed a skyshark
 12757 | Lair:2   | Killed a skyshark
 12758 | Lair:2   | Reached skill level 12 in Maces & Flails
 12820 | Lair:2   | Reached XP level 13. HP: 71/82 MP: 19/19
 12951 | Lair:2   | Found a runed translucent gate.
 12951 | Lair:2   | Found a runed translucent gate.
 12951 | Lair:2   | Found a runed translucent gate.
 12952 | Lair:2   | Noticed Thatotherguy's ghost (journeyman MfSu)
 13025 | Lair:2   | Found a hole to the Spider Nest.
 13086 | Lair:2   | Found a staircase to the Shoals.
 13103 | Lair:2   | Identified the +11 long sword of Wuontah {protect, rElec}
                  | (Okawaru gifted it to you on level 2 of the Lair of Beasts)
 13103 | Lair:2   | Received a gift from Okawaru
 13492 | Lair:3   | Reached skill level 10 in Shields
 13556 | Lair:3   | Found a dark tunnel.
 13562 | Volcano  | Entered a volcano
 13627 | Volcano  | Received a gift from Okawaru
 13627 | Volcano  | Found the +7 Kryia's mail coat {PotionHeal*2 rC+}
 13739 | Volcano  | Killed from afar by a deep elf pyromancer

Illustrated notes

Levels and vault maps discovered:
D:1:      wander_arrival_fairy_ring, layout_loops_corners,
          shapermc_ecumenical_altar_gd
D:2:      layout_basic, serial_shops, shop
D:3:      layout_basic, minivault_26
D:4:      layout_basic, mainiacjoe_overflow_alcove_1, portal_sewer_entry_f
D:5:      layout_basic, minmay_temple_entry_arrows,
          nicolae_shop_overcharged_wands
D:6:      nicolae_whirlpool, layout_gridville, ebering_ghost_gozag
D:7:      layout_loops_ring, minmay_misc_feat_columns
D:8:      layout_cave_pools, erik_lair_dragon
D:9:      layout_basic, nicolae_diode_basic
D:10:     layout_cave_pools
D:11:     layout_long_grid, minmay_statue_bubble
Temple:   nicolae_temple_bog_church
Lair:1:   layout_gridlike, ebering_ghost_rock_garden,
          dreamdust_mushroom_princess, lemuel_fruit_tree, grunt_megastairs_3
Lair:2:   layout_cave_pods, minmay_shoals_entry_beasts, dummy_spider_entry,
          gammafunk_ghost_hydra_chop, minmay_shattered_shrine
Lair:3:   layout_roguey, enter_volcano_2, grunt_megastairs_4
Volcano:  hellmonk_pyromancer_palace

Skill      XL: |  1  2  3  4  5  6  7  8  9 10 11 12 13 |
---------------+----------------------------------------+-----
Invocations    | 1 2 3 4 5 6 7 9 |  9.6
Maces & Flails | 3 4 6 7 8 10 12 | 12.8
Dodging        | 1 2 3 4 5 |  5.0
Fighting       | 4 5 6 7 9 10 | 10.6
Armour         | 4 5 6 7 8 10 | 10.6
Shields        | 4 5 6 7 8 9 10 | 10.2

Action                     |  1- 3 |  4- 6 |  7- 9 | 10-12 | 13-15 || total
---------------------------+-------+-------+-------+-------+-------++-------
  Melee: Flail             |    90 |       |       |       |       ||    90
         Short sword       |    21 |   156 |   274 |   726 |   201 ||  1378
  Throw: Dart              |       |       |     8 |       |       ||     8
 Invoke: Heroism           |       |       |     1 |    15 |     4 ||    20
         Finesse           |       |       |       |     1 |     1 ||     2
  Evoke: Wand              |       |       |       |     2 |       ||     2
    Use: Scroll            |     1 |     3 |    11 |    11 |     2 ||    28
         Potion            |       |       |     2 |     4 |     3 ||     9
 Armour: Scale mail        |    90 |    94 |       |   199 |   249 ||   632
         Chain mail        |       |     3 |    37 |    79 |       ||   119
         Ring mail         |       |       |   147 |       |       ||   147
         Plate armour      |       |       |   160 |   356 |       ||   516
  Dodge: Dodged            |    68 |    63 |   113 |   316 |   131 ||   691
  Block: Buckler           |    26 |    31 |    59 |   246 |    76 ||   438

Table legend: (Time is in decaauts)
 A = Elapsed time spent in this place.
 B = Non-inter-level travel time spent in this place.
 C = Inter-level travel time spent in this place.
 D = Time resting spent in this place.
 E = Time spent auto-exploring this place.
 F = Levels seen in this place.
 G = Mean time per level.
                   A        B        C        D        E       F      G
               +--------+--------+--------+--------+--------+-----+--------+
         Total |  13761 |  13087 |    674 |   1627 |   8546 |  17 |  809.5 |
       Dungeon |  11059 |  10451 |    608 |   1448 |   6962 |  11 | 1005.4 |
        Temple |     22 |      1 |     21 |      0 |      0 |   1 |   22.0 |
          Lair |   2329 |   2285 |     44 |    139 |   1486 |   3 |  776.3 |
         Sewer |    173 |    173 |      0 |      0 |     98 |   1 |  173.0 |
       Volcano |    176 |    176 |      0 |     39 |      0 |   1 |  176.0 |
               +--------+--------+--------+--------+--------+-----+--------+

Top non-repeatable levels by time:
     D:6: 1501 daAuts
  Lair:2: 1236 daAuts
     D:1: 1107 daAuts
     D:9: 1077 daAuts
    D:11: 1076 daAuts
     D:5: 1062 daAuts
     D:8: 1023 daAuts
     D:3: 1022 daAuts
  Lair:1: 983 daAuts
     D:2: 980 daAuts
     D:7: 768 daAuts
     D:4: 763 daAuts
    D:10: 677 daAuts
 Volcano: 176 daAuts
   Sewer: 173 daAuts
